 Dungeon Crawl Stone Soup version 0.29.0-4-gdea44cf6ec (webtiles) character file.

Game seed: 13946665951168700461

95 qw the Chopper (level 4, -4/26 HPs)
             Began as a Tengu Warper on Aug 28, 2022.
             Slain by Grinder (7 damage)
             ... on level 3 of the Dungeon.
             The game lasted 00:00:15 (3147 turns).

qw the Chopper (Tengu Warper)                       Turns: 3147, Time: 00:00:15

Health: -4/26      AC:  3    Str: 14    XL:     4   Next: 66%
Magic:  8/8        EV: 12    Int: 13    God:
Gold:   152        SH:  0    Dex: 13    Spells: 7/7 levels left

rFire   . . .      SeeInvis .   j - +0 broad axe
rCold   . . .      Faith    .   (no shield)
rNeg    . . .      Spirit   .   b - +0 leather armour
rPois   .          Reflect  .   (helmet restricted)
rElec   .          Harm     .   (no cloak)
rCorr   +          Rampage  .   (no gloves)
Will    .....                   (boots unavailable)
Stlth   +.........              (no amulet)
HPRegen 0.08/turn               f - ring of resist corrosion
MPRegen 0.11/turn               (no ring)

@: no status effects
A: beak, talons 3
a: no special abilities


You were on level 3 of the Dungeon.
You visited 1 branch of the dungeon, and saw 3 of its levels.

You collected 152 gold pieces.


Innate Abilities, Weirdness & Mutations

You have a beak for a mouth.
You have claws for feet.


   Skills:
 - Level 2.0 Fighting
 + Level 5.2 Axes
 - Level 1.0 Throwing
 - Level 1.1 Armour
 - Level 2.1 Dodging
 - Level 2.0 Spellcasting
 - Level 2.4 Translocations


You had 7 spell levels left.
You didn't know any spells.
Your spell library contained the following spells:

 Spells                   Type           Power      Damage    Failure   Level
 Blink                    Tloc           14%        N/A       19%         2
 Gell's Gravitas          Tloc           7%         N/A       34%         3
 Lesser Beckoning         Tloc           7%         N/A       34%         3
 Teleport Other           Tloc           7%         N/A       34%         3
 Manifold Assault         Tloc           7%         N/A       97%         5

Inventory:

Hand Weapons
 c - a +0 whip
 j - a +0 broad axe (weapon)
Missiles
 h - 3 boomerangs (quivered)
Armour
 b - a +0 leather armour (worn)
Jewellery
 f - a ring of resist corrosion (left hand)
 k - a ring of ice
 m - a ring of protection from fire
Scrolls
 n - a scroll of identify {unknown}
Potions
 a - a potion of degeneration {unknown}
 d - a potion of heal wounds {unknown}
 e - a potion of might {unknown}
 g - a potion of attraction {unknown}
 i - a potion of haste {unknown}
 l - a potion of lignification {unknown}
 o - a potion of curing {unknown}

Dungeon Overview and Level Annotations

Branches:
Dungeon (3/15)

Altars:
Qazlal
Sif Muna

Annotations:
D:2 1 runed translucent door, Crazy Yiuf
D:3 Grinder


Message History

o - a bubbling yellow potion Grinder comes into view.
Grinder shouts!
3131 ||| Stepping ~*~*~tactically~*~*~ (hiding).
Grinder gestures at you. You resist with significant effort.
You closely miss Grinder. Your punch misses Grinder. Grinder gestures at you.
Pain shoots through your body! Grinder gestures at you.
You suddenly lose the ability to move!
Grinder hits you.
You can move again.
You hit Grinder.
Grinder is lightly wounded.
Grinder misses you.
You slash Grinder!
Grinder is moderately wounded.
Grinder gestures at you.
You shrug off the repeated paralysis!
You barely miss Grinder. You peck Grinder.
Grinder is moderately wounded.
Grinder barely misses you.
Grinder blinks!
Grinder gestures at you. Pain shoots through your body! Grinder hits you.
You writhe in agony.
You hit Grinder.
Grinder is heavily wounded.
Grinder hits you!
You writhe in agony.
You barely miss Grinder. You peck Grinder, but do no damage.
Grinder is heavily wounded.
Grinder misses you.
You closely miss Grinder. You claw Grinder.
Grinder is heavily wounded.
Grinder hits you but does no damage. x2
You closely miss Grinder. You peck Grinder.
Grinder is severely wounded.
Grinder blinks!
Grinder hits you!
You die...

#.#.# #.#.# ###.#.#
#...#.# ##<###.#
##...##.# ##.....#.#
##........####
#.....@5.....#
~.......>.......##..
..#####?...........#
##....##.##...
##...# ..#.##
..........
####.#......
#.##.##.#


You could see Grinder.

Vanquished Creatures
  Robin (D:2)
  3 adders
  2 orcs (D:3)
  3 endoplasms
  10 goblins (D:2)
  6 hobgoblins
  2 jackals (D:3)
  3 quokkas
  7 ball pythons (D:1)
  5 bats
  2 frilled lizards (D:2)
  7 kobolds
  4 rats
55 creatures vanquished.

Notes
Turn   | Place    | Note
-------+----------+-------------------------------------------
     0 | D:1      | qw the Tengu Warper began the quest for the Orb.
     0 | D:1      | Reached XP level 1. HP: 12/12 MP: 4/4
     0 | D:1      | 0 ||| qw: Version: 0.1-a-89-g26bdef1
     0 | D:1      | 0 ||| qw: Game counter: 2643
     0 | D:1      | 0 ||| qw: Always use a shield: true
     0 | D:1      | 0 ||| qw: God list: Okawaru
     0 | D:1      | 0 ||| qw: Allow faded altars: false
     0 | D:1      | 0 ||| qw: Do Orc after D:15 true
     0 | D:1      | 0 ||| qw: Do second Lair branch before Depths: true
     0 | D:1      | 0 ||| qw: Lair rune preference: random
     0 | D:1      | 0 ||| qw: Plans: Normal
     0 | D:1      | 0 ||| PLANNING D:1-11
    39 | D:1      | 39 ||| Stepping ~*~*~tactically~*~*~ (stealth).
   134 | D:1      | Reached XP level 2. HP: 17/17 MP: 6/6
   193 | D:1      | Reached skill level 3 in Axes
  1268 | D:1      | 1268 ||| UPGRADING to ring of resist corrosion.
  1269 | D:1      | 1269 ||| READING scroll labelled OCROHI JATHRIR.
  1270 | D:1      | 1270 ||| DROPPING scroll of blinking.
  1303 | D:2      | Reached XP level 3. HP: 21/21 MP: 7/7
  1320 | D:2      | 1320 ||| Stepping ~*~*~tactically~*~*~ (stealth).
  1446 | D:2      | Reached skill level 4 in Axes
  1788 | D:2      | 1788 ||| Stepping ~*~*~tactically~*~*~ (stealth).
  1789 | D:2      | 1789 ||| Stepping ~*~*~tactically~*~*~ (stealth).
  1827 | D:2      | Noticed Robin
  1837 | D:2      | HP: 3/21 [goblin/+0 dagger[Robin] (5)]
  1838 | D:2      | Killed Robin
  1839 | D:2      | Reached XP level 4. HP: 3/26 MP: 8/8
  2131 | D:2      | 2131 ||| Stepping ~*~*~tactically~*~*~ (stealth).
  2134 | D:2      | 2134 ||| Stepping ~*~*~tactically~*~*~ (stealth).
  2263 | D:2      | Found a runed translucent door.
  2264 | D:2      | Noticed Crazy Yiuf
  2267 | D:2      | 2267 ||| READING scroll labelled HUYKECZIBYI.
  2268 | D:2      | 2268 ||| READING scroll labelled QAAQ FIATZITZ.
  2269 | D:2      | 2269 ||| READING scroll labelled PEXTESI WEAN.
  2315 | D:3      | 2315 ||| PLANNING SEWER
  2325 | D:3      | 2325 ||| DROPPING +0 club.
  2348 | D:3      | 2348 ||| FLEEEEING.
  2349 | D:3      | 2349 ||| FLEEEEING.
  2350 | D:3      | 2350 ||| FLEEEEING.
  2351 | D:3      | 2351 ||| FLEEEEING.
  2352 | D:3      | 2352 ||| FLEEEEING.
  2353 | D:3      | 2353 ||| FLEEEEING.
  2354 | D:3      | 2354 ||| FLEEEEING.
  2355 | D:3      | 2355 ||| FLEEEEING.
  2356 | D:3      | 2356 ||| FLEEEEING.
  2357 | D:3      | 2357 ||| FLEEEEING.
  2358 | D:3      | 2358 ||| FLEEEEING.
  2359 | D:3      | 2359 ||| FLEEEEING.
  2360 | D:3      | 2360 ||| FLEEEEING.
  2361 | D:3      | 2361 ||| FLEEEEING.
  2362 | D:3      | 2362 ||| FLEEEEING.
  2363 | D:3      | 2363 ||| FLEEEEING.
  2365 | D:3      | 2365 ||| STAIRDANCE
  2572 | D:3      | 2572 ||| STAIRDANCE
  2720 | D:3      | Reached skill level 5 in Axes
  2720 | D:3      | 2720 ||| STAIRDANCE
  2987 | D:3      | 2987 ||| SWAPPING to +0 broad axe.
  2991 | D:3      | 2991 ||| DROPPING +1 hand axe.
  3010 | D:3      | Found a stormy altar of Qazlal.
  3024 | D:3      | Found a shimmering blue altar of Sif Muna.
  3095 | D:3      | 3095 ||| RIP SEWER
  3119 | D:3      | 3119 ||| PLANNING D:1-11
  3130 | D:3      | Noticed Grinder
  3131 | D:3      | 3131 ||| Stepping ~*~*~tactically~*~*~ (hiding).
  3134 | D:3      | Paralysed by Grinder for 2 turns
  3142 | D:3      | HP: 3/26 [Grinder (7)]
  3147 | D:3      | Slain by Grinder

Levels and vault maps discovered:
D:1:      psy_arrival_fountain, layout_loops_corners
D:2:      layout_rooms, uniq_crazy_yiuf_cottage, uniq_robin
D:3:      layout_loops_ring, mainiacjoe_overflow_catwalk_spiral,
          portal_sewer_entry_b, ebering_ghost_reflecting_pool,
          serial_bayou_pond_b, hangedman_decor_clover_reticule,
          chequers_serial_rivers_small_b, uniq_grinder

Skill      XL: |  1  2  3  4 |
---------------+-------------+-----
Axes           | 3 4 5 |  5.2
Fighting       | |  2.0
Throwing       | |  1.0
Armour         | |  1.1
Dodging        | |  2.1
Spellcasting   | |  2.0
Translocations | |  2.4

Action                   |  1- 3 |  4- 6 || total
-------------------------+-------+-------++-------
Melee: Hand axe          |    86 |    25 ||   111
       Peck              |    13 |     6 ||    19
       Kick              |    13 |     4 ||    17
       Broad axe         |       |    10 ||    10
Throw: Boomerang         |     7 |    10 ||    17
  Use: Scroll            |     1 |     3 ||     4
Armor: Leather armour    |    24 |     5 ||    29
Dodge: Dodged            |    43 |    19 ||    62

Table legend:
 A = Non-vault XP
 B = Vault XP
 C = Vault XP percentage of total XP
 D = Non-vault monster count
 E = Vault monster count
 F = Vault count percentage of total count
                 A         B        C        D         E       F
            +---------+---------+-------+---------+---------+-------
      Total |     107 |      30 |  21.9 |      46 |       9 |  16.4
            +---------+---------+-------+---------+---------+-------
        D:1 |      33 |       0 |   0.0 |      24 |       0 |   0.0
        D:2 |      45 |      30 |  40.0 |      14 |       9 |  39.1
        D:3 |      29 |       0 |   0.0 |       8 |       0 |   0.0
            +---------+---------+-------+---------+---------+-------
